 Dungeon Crawl Stone Soup version 0.31-a0-237-g2d982f9f85 (webtiles) character file.

Game seed: 5109780075131927680

425284 Shard1697 the Executioner (level 25, -33/243 HPs)
             Began as a Meteoran Berserker on July 11, 2023.
             Was a High Priest of Trog.
             Killed from afar by an ancient lich (56 damage)
             ... with a bolt of acid
             ... on level 5 of the Realm of Zot.
             The game lasted 02:25:47 (26065 turns).

Shard1697 the Executioner (Meteoran Berserker)     Turns: 26065, Time: 02:25:47

Health: -33/243    AC: 18    Str: 28 (29) XL:     25   Next: 80%
Magic:  7/7        EV: 22    Int:  7 (10) God:    Trog [*****.]
Gold:   355        SH: 21    Dex: 26 (29) Spells: 24/24 levels left

rFire   + + .        a - +8 broad axe (antimagic)
rCold   + + .        V - +0 kite shield {reflect}
rNeg    + . .        x - +2 chain mail {rF+}
rPois   +            D - +1 hat of Generosity {rF+ Dex+3}
rElec   +            h - +1 cloak {rC+}
rCorr   .            N - +0 pair of gloves of Xool {rElec Will+ Int+2}
SInv    .            n - +2 pair of boots {rampage}
Will    +++++        J - amulet of Kufex {Reflect rN+ SH+5}
Stlth   +            B - ring of poison resistance
HPRegen 0.60/turn    O - ring "Ryaliedd" {rC+ Dex+6 Stlth+}
MPRegen 0.10/turn

%: reflection, rampage
@: corroded, glowing
A: sense surroundings 3, otherworldly, glowing, explore regen, deformed body,
low MP 1, strong-willed 1, strong 1
0: Orb of Zot
}: 3/15 runes: decaying, abyssal, gossamer
a: Renounce Religion, Berserk, Trog's Hand, Brothers in Arms


You were on level 5 of the Realm of Zot.
You worshipped Trog.
Trog was extremely pleased with you.
You visited 8 branches of the dungeon, and saw 42 of its levels.
You visited the Abyss 1 time.
You visited 1 bazaar.
You also visited: Bailey, Gauntlet, Ice Cave and Wizlab.

You collected 3459 gold pieces.
You spent 3104 gold pieces at shops.

Inventory:

Hand Weapons
 a - a +8 antimagic broad axe (weapon)
 b - the +8 broad axe "Orb Guardian's Curse" {flame, rC+ Dex+4}
   (Trog gifted it to you on level 1 of the Depths)

   Dex:       It affects your dexterity (+4).
   rC:        It protects you from cold.
 A - the +8 Wrath of Trog {antimagic, *Rage Rampage}
   (You found it on level 3 of the Elven Halls)

   It causes slowness and exhaustion when equipped.
   It extends the wielder's berserk rage when killing foes.
   *Rage:     It berserks you when you make melee attacks (+50% chance).
   Rampage:   It bestows one free step when moving towards enemies.
Armour
 h - a +1 cloak of cold resistance (worn)
 i - the +3 helmet of Bedevilment {+Inv rCorr}
   (You bought it in a shop on level 2 of the Orcish Mines)

   +Inv:      It lets you turn invisible.
   rCorr:     It protects you from acid and corrosion.
 n - a +2 pair of boots of rampaging (worn)
 x - a +2 chain mail of fire resistance (worn)
 D - the +1 hat of Generosity (worn) {rF+ Dex+3}
   (You acquired it on level 2 of the Depths)

   Dex:       It affects your dexterity (+3).
   rF:        It protects you from fire.
 N - the +0 pair of gloves of Xool (worn) {rElec Will+ Int+2}
   (You found it on level 3 of the Elven Halls)

   Int:       It affects your intelligence (+2).
   rElec:     It insulates you from electricity.
   Will:      It increases your willpower.
 V - a +0 kite shield of reflection (worn)
 W - a +4 plate armour of cold resistance
Jewellery
 o - an amulet of guardian spirit
 p - a ring of flight
 q - a +4 ring of protection
 s - a +6 ring of dexterity
 B - a ring of poison resistance (left hand)
 H - the ring of Linearity {rN+ rCorr Int+3}
   (You bought it in a shop in a bazaar)

   [ring of positive energy]

   Int:       It affects your intelligence (+3).
   rN:        It protects you from negative energy.
   rCorr:     It protects you from acid and corrosion.
 J - the amulet of Kufex (around neck) {Reflect rN+ SH+5}
   (You bought it in a shop on level 2 of the Orcish Mines)

   [amulet of reflection]

   It reflects blocked missile attacks.
   rN:        It protects you from negative energy.
   SH:        It affects your SH (+5).
 O - the ring "Ryaliedd" (right hand) {rC+ Dex+6 Stlth+}
   (You acquired it on level 2 of the Swamp)

   [ring of dexterity]

   Dex:       It affects your dexterity (+6).
   rC:        It protects you from cold.
   Stlth:     It makes you more stealthy.
Wands
 y - a wand of iceblast (9)
 M - a wand of quicksilver (6)
 P - a wand of charming (20)
 U - a wand of mindburst (43)
Scrolls
 f - 2 scrolls of vulnerability
 k - 11 scrolls of teleportation
 C - 3 scrolls of silence
 F - a scroll of revelation
 G - 2 scrolls of butterflies
 I - 11 scrolls of identify
 S - a scroll of brand weapon
 Y - 3 scrolls of fear
Potions
 d - 3 potions of might
 e - 2 potions of curing
 g - 9 potions of attraction
 r - 5 potions of lignification
 t - 2 potions of cancellation
 u - 2 potions of mutation
 E - 2 potions of magic
 K - 3 potions of berserk rage
 R - 4 potions of enlightenment
Miscellaneous
 v - a lightning rod (4/4)
 z - a condenser vane
 L - a phantom mirror
 Q - a phial of floods
 Z - a box of beasts


   Skills:
 + Level 23.2 Fighting
 + Level 24.5 Axes
 + Level 19.6 Armour
 + Level 16.1 Dodging
 + Level 9.3 Stealth
 - Level 15.0 Shields
 + Level 18.5 Evocations


You had 24 spell levels left.
You didn't know any spells.
Your spell library was empty.

Dungeon Overview and Level Annotations

Branches:
Dungeon (15/15)            Temple (0/1) D:5            Lair (5/5) D:11
  Swamp (4/4) Lair:2       Spider (4/4) Lair:2        Slime (0/5) Lair:4
    Orc (2/2) D:10            Elf (3/3) Orc:2        Vaults (0/5) D:13
 Depths (4/4) D:15            Zot (5/5) Depths:4     Bailey (visited)
  IceCv (visited)          WizLab (visited)         Gauntlet (visited)

Altars:
Ashenzari
Cheibriados
Elyvilon
Kikubaaqudgha
Nemelex Xobeh
Okawaru
Ru
Sif Muna
Trog
Wu Jian
Xom
Zin
The Shining One
Jiyva

Shops:
D:3 [   D:7 *   Orc:2 =[*(=[(   Depths:1 =:=   Depths:4 [[[

Portals:
Hell: Depths:3 Depths:4
Abyss: Depths:3
Pandemonium: Depths:4
Ziggurat: Depths:4
Trove: D:12 (give 6 scrolls of fog)

Annotations:
D:6 3 runed translucent doors, knightboat's ghost, novice VSTm
Swamp:3 Roxanne
Spider:1 3 runed translucent doors, rocky1's ghost, journeyman DEEE
Depths:3 1 runed translucent door, spiderkeys's ghost, veteran GnWn
Depths:4 2 transporters, exclusion: 2 upstairs
Zot:5 1 runed translucent door, CornPuffBuddha's ghost, legendary HOFi


Innate Abilities, Weirdness & Mutations

You passively map a large area around you.
You are easily found by Zot.
You glow in the dark.
You regain HP and MP as you explore.
Armour fits poorly on your strangely shaped body.
Your magical capacity is low. (-10% MP)
You are strong-willed. (Will+)
Your muscles are strong. (Str +4, Int/Dex -1)


Message History

* * * LOW HITPOINT WARNING * * *
The tentacled monstrosity's grasp on you weakens, but your attempt to escape fails.
You block the ancient lich's attack.
The tentacled monstrosity barely misses you. x2
You block the tentacled monstrosity's attack.
The tentacled monstrosity constricts you.
You escape the tentacled monstrosity's grasp.
The ancient lich points at you and mumbles some strange words.
Your +0 kite shield of reflection blocks the crystal spear... and reflects it back!
The crystal spear hits the ancient lich!!!
The tentacled monstrosity attacks as you move away!
The tentacled monstrosity closely misses you.
You block the tentacled monstrosity's attack. x3
The yellow draconian spits acid at you. The glob of acid hits you!
* * * LOW HITPOINT WARNING * * *
The ancient lich casts a spell.
The ancient lich flickers and vanishes!
Deactivating autopickup; reactivate with Ctrl-A.
You block the tentacled monstrosity's attack.
The tentacled monstrosity barely misses you.
The tentacled monstrosity tentacle-slaps you but does no damage.
The tentacled monstrosity grabs you.
The tentacled monstrosity constricts you.
* * * LOW HITPOINT WARNING * * *
The tentacled monstrosity's grasp on you weakens, but your attempt to escape fails.
The tentacled monstrosity tentacle-slaps you!
* * * LOW HITPOINT WARNING * * *
The tentacled monstrosity misses you.
The tentacled monstrosity barely misses you.
The tentacled monstrosity constricts you.
* * * LOW HITPOINT WARNING * * *
You escape the tentacled monstrosity's grasp.
The yellow draconian spits acid at you. The glob of acid hits you!
* * * LOW HITPOINT WARNING * * *
You hear some strange, mumbled words.
A bolt of acid appears from out of thin air!
The bolt of acid hits you!!!
You die...

##.'..............#.#.#####~~~~~~
####....#.................~~~~~~~
.))'....'...........#,,,,~~~~~~~~
####....###+####....#****#~~~~~~~
#......#?)W###.##.######.~~~~~.
#.######♣8♣#....#.#.......~~~..
#.* ######..#.#.####...~##. **#.*
##.........#...###< ,,..*
#.@.#.######....... **#▓*
**######.######## ▓▓▓##### ,,**
*......^........# ##...^ ,,,**
*#......{X.....## ##..^.. ,,,,**
#.............# ##...... ,,,,,*
##...........## #....... ,,,,,*
#..:.......d# #.^....^ ,,,,,*
*#...........## #....... ,,,,,*
*.............# #)......


There were no monsters in sight!

Vanquished Creatures
  2 dread liches (Zot:5)
  Tiamat (Zot:1)
  5 orbs of fire
  3 Killer Klowns
  3 caustic shrikes (Depths:4)
  The ghost of Cakioj the Sorcerer, a veteran DjCj of the Shining One (Depths:2)
  2 curse toes (Zot:4)
  7 golden dragons
  A Brimstone Fiend (Zot:5)
  4 electric golems
  Mlioglotl (Swamp:3)
  Rupert (Lair:3)
  A lich (IceCv)
  6 tentacled monstrosities
  21 Orb Guardians (Zot:5)
  2 deep elf blademasters (Elf:3)
  2 quicksilver dragons (Depths:4)
  A walking frostbound tome (WizLab)
  2 deep elf master archers (Elf:3)
  2 tentacled starspawn (Abyss:2)
  A kraken (Abyss:3)
  Gastronok (Lair:2)
  2 thorn hunters
  7 storm dragons
  2 death cobs
  2 tengu reavers
  Kirke (Lair:3)
  A fenstrider witch (Swamp:4)
  A draconian monk (Zot:2)
  8 deep elf sorcerers
  Donald (Swamp:3)
  A frost giant (Depths:1)
  A draconian knight (Zot:2)
  5 emperor scorpions
  3 fire giants
  4 ghost moths
  An orc warlord (Orc:1)
  3 deep elf elementalists (Elf:3)
  Louise (Swamp:3)
  3 draconian stormcallers
  3 draconian annihilators
  5 broodmothers
  A draconian shifter (Zot:5)
  4 stone giants
  16 very ugly things
  5 black draconians
  10 green draconians
  6 yellow draconians
  Nessos (D:13)
  4 deep elf demonologists (Elf:3)
  9 deep elf annihilators (Elf:3)
  2 grey draconians (Depths:4)
  6 eleionomae
  A minotaur (Gauntlet)
  7 purple draconians
  A vampire knight (Depths:4)
  A lorocyproca (Depths:4)
  7 white draconians
  3 bunyips
  A dire elephant (D:15)
  7 red draconians
  The ghost of Qesae the Convoker, a journeyman FeSu of Gozag (D:14)
  3 deep elf death magi (Elf:3)
  3 spark wasps
  The ghost of runemasterragnar the Eternal Night, a journeyman DsMo of Dithmenos (Orc:2)
  7 fire dragons
  A blizzard demon (Abyss:2)
  10 ettins
  3 deep elf high priests (Elf:3)
  4 entropy weavers
  2 shambling mangroves
  Josephine (D:11)
  4 catoblepae
  23 hydras
  7 ice dragons
  13 rakshasas
  A caustic shrike simulacrum (IceCv)
  2 radroaches
  3 ghost crabs
  A spriggan air mage (Depths:4)
  4 two-headed ogres
  7 centaur warriors
  2 boulder beetles
  14 dancing weapons
  An anaconda (shapeshifter) (D:13)
  A jorogumo (Spider:3)
  4 tengu warriors
  6 alligators
  4 deep troll earth magi
  A death scarab (Spider:2)
  3 death yaks (Lair:5)
  7 deep troll shamans
  4 hell hogs (Abyss:2)
  Urug (D:13)
  2 spriggan berserkers
  An orc high priest (Elf:3)
  10 demonic crawlers
  4 deep elf knights
  5 soul eaters
  A wretched star (Abyss:2)
  A hell knight (Depths:1)
  A salamander mystic (Depths:1)
  2 sun demons
  2 sun moths
  9 iron trolls
  3 pharaoh ants
  A skyshark (Lair:5)
  A fire crab (Abyss:3)
  A deep troll (shapeshifter) (Depths:3)
  A glowing orange brain (Depths:1)
  7 orb spiders
  A spark wasp zombie (Depths:3)
  A death drake (Swamp:4)
  A golden dragon zombie (Depths:3)
  A spriggan druid (Swamp:3)
  2 goliath frogs
  A sixfirhy (Abyss:2)
  9 deep elf archers
  3 bog bodies
  2 flayed ghosts
  14 deep trolls
  15 deep elf zephyrmancers
  11 swamp dragons
  A wizard (D:14)
  2 necromancers
  A lindwurm (shapeshifter) (Elf:2)
  3 spriggan simulacra (IceCv)
  13 deep elf pyromancers
  5 steelbarb worms
  4 lindwurms (D:13)
  A sphinx zombie (Depths:3)
  21 wolf spiders
  3 orc knights
  28 ugly things
  4 starcursed masses
  A will-o-the-wisp (Swamp:3)
  2 cyclopes
  19 moths of wrath
  9 orc sorcerers
  4 manticores
  5 salamanders
  2 ice statues (Elf:2)
  8 elephants
  2 rust devils
  4 black mambas
  2 apocalypse crabs (Abyss:3)
  4 smoke demons
  2 molten gargoyles (Gauntlet)
  4 torpor snails
  An orange demon (Depths:4)
  9 cane toads
  2 gargoyles (Gauntlet)
  A torpor snail (shapeshifter) (Elf:3)
  A cane toad (shapeshifter) (Elf:3)
  5 unseen horrors
  2 rime drakes
  An efreet (D:13)
  13 komodo dragons
  11 freezing wraiths (IceCv)
  2 queen bees
  3 red devils (Depths:4)
  A golden dragon simulacrum (IceCv)
  2 ice devils
  3 anaconda simulacra (IceCv)
  An ancient zyme (Abyss:2)
  A meliai (shapeshifter) (D:13)
  4 polar bears (Lair:5)
  13 trolls
  A bloated husk (Swamp:1)
  10 tyrant leeches
  A hellwing (Depths:4)
  2 meliai (D:14)
  23 tarantellas
  12 hornets
  13 large abominations
  5 dream sheep (Lair:5)
  2 raiju
  18 blink frogs
  35 jumping spiders
  7 slime creatures
  23 culicivoras
  An air elemental (Elf:3)
  A shadow (D:12)
  28 yaks
  22 spriggans
  2 ynoxinuls
  6 water elementals
  8 wraiths
  6 wyverns
  2 dire elephant simulacra (IceCv)
  6 hogs
  3 chaos spawn
  2 fire bats (Depths:1)
  A vampire (D:12)
  A fire elemental (Elf:3)
  16 humans (D:13)
  7 basilisks
  8 vampire mosquitoes
  28 redbacks
  A neqoxec (Depths:4)
  2 harpy simulacra (IceCv)
  A minotaur simulacrum (IceCv)
  2 steam dragons (Gauntlet)
  6 wargs
  Menkaure (D:5)
  24 swamp worms
  An acid dragon (Bailey)
  8 water moccasins
  Duvessa (D:4)
  11 swamp drakes
  5 black bears
  An alligator simulacrum (IceCv)
  3 ice beasts
  20 orc warriors
  An ettin simulacrum (IceCv)
  9 ogres
  4 boggarts (Lair:5)
  26 wolves
  2 centaurs
  A phantom (D:5)
  5 kobold brigands
  14 bullfrogs
  A gnoll sergeant (D:10)
  A deep troll simulacrum (IceCv)
  7 small abominations
  2 earth elementals
  3 scorpions
  A wight (Abyss:1)
  Dowan (D:4)
  32 killer bees
  A lindwurm simulacrum (IceCv)
  2 jellies
  2 howler monkeys (D:8)
  2 iron imps
  7 orc priests
  3 hounds
  2 gnoll boudas
  A sleepcap (D:5)
  Terence (D:2)
  An iguana (Lair:2)
  44 orc wizards
  Ijyb (D:3)
  10 adders
  14 gnolls
  An ufetubus (Abyss:3)
  2 worms
  3 dart slugs
  95 orcs
  4 ball pythons
  2 endoplasms
  8 giant cockroaches
  15 goblins
  3 hobgoblins
  3 jackals (D:2)
  4 quokkas
  7 bats
  4 frilled lizards
  16 kobolds
  3 rats
  3 starspawn tentacles (Abyss:2)
  3 tentacles (Abyss:3)
1473 creatures vanquished.

Vanquished Creatures (collateral kills)
  A deep elf blademaster (Elf:3)
  A storm dragon (Zot:4)
  A draconian monk (Zot:4)
  An emperor scorpion (Spider:4)
  A deep elf elementalist (Elf:3)
  2 deep elf sorcerers (Elf:3)
  A deep elf annihilator (Elf:3)
  A black draconian (Zot:2)
  A yellow draconian (Zot:1)
  2 dancing weapons
  A skyshark (Lair:3)
  An orb spider (Spider:4)
  2 bog bodies
  2 wolf spiders (Spider:4)
  8 freezing wraiths (IceCv)
  A komodo dragon (Lair:3)
  An anaconda simulacrum (IceCv)
  A golden dragon simulacrum (IceCv)
  3 hornets (Lair:5)
  A polar bear (Lair:5)
  3 raiju (Abyss:3)
  A jumping spider (Spider:4)
  A dire elephant simulacrum (IceCv)
  A redback (Spider:4)
  A harpy simulacrum (IceCv)
  2 black bears (Lair:5)
  An alligator simulacrum (IceCv)
  An ettin simulacrum (IceCv)
  2 wolves (Lair:5)
46 creatures vanquished.

Vanquished Creatures (others)
  A draconian knight (Zot:1)
  A hydra (Swamp:4)
  A goliath frog (Swamp:2)
  A bloated husk (Swamp:2)
  A harpy simulacrum (Abyss:3)
  An orc warrior (Orc:2)
  6 foxfires (Swamp:3)
  5 starspawn tentacles (Abyss:2)
  6 tentacles (Abyss:3)
23 creatures vanquished.

Grand Total: 1542 creatures vanquished

Notes
Turn   | Place    | Note
-------+----------+-------------------------------------------
     0 | D:1      | Shard1697 the Meteoran Berserker began the quest for the
                  | Orb.
     0 | D:1      | Reached XP level 1. HP: 19/19 MP: 2/2
    40 | D:1      | Reached XP level 2. HP: 26/26 MP: 3/3
   405 | D:1      | Reached skill level 4 in Axes
   467 | D:1      | Reached XP level 3. HP: 28/31 MP: 4/4
   632 | D:2      | Reached ** piety under Trog
   635 | D:2      | Reached XP level 4. HP: 38/38 MP: 5/5
   636 | D:2      | Reached skill level 5 in Axes
   874 | D:2      | Reached XP level 5. HP: 45/45 MP: 6/6
   907 | D:3      | Noticed Terence
   907 | D:3      | Noticed Ijyb
   911 | D:3      | Reached skill level 6 in Axes
   921 | D:2      | Killed Terence
   922 | D:2      | Reached XP level 6. HP: 25/51 MP: 7/7
  1032 | D:3      | Reached skill level 7 in Axes
  1087 | D:3      | Found Xiumunec's Antique Armour Shop.
  1125 | D:3      | Found an ancient bone altar of Kikubaaqudgha.
  1196 | D:3      | Killed Ijyb
  1223 | D:3      | Found a sacrificial altar of Ru.
  1361 | D:3      | Bought a pair of glowing boots for 127 gold pieces
  1560 | D:4      | Reached XP level 7. HP: 54/58 MP: 8/8
  1572 | D:4      | Found a glowing golden altar of the Shining One.
  1573 | D:4      | Found a white marble altar of Elyvilon.
  1573 | D:4      | Found a glowing silver altar of Zin.
  1595 | D:4      | Noticed Duvessa
  1595 | D:4      | Noticed Dowan
  1606 | D:4      | Killed Dowan
  1607 | D:4      | Reached skill level 8 in Axes
  1607 | D:4      | Killed Duvessa
  1708 | D:5      | Entered Level 5 of the Dungeon
  1733 | D:4      | Found a shimmering blue altar of Sif Muna.
  1865 | D:4      | Reached *** piety under Trog
  1915 | D:5      | Reached skill level 5 in Fighting
  1915 | D:5      | Reached XP level 8. HP: 52/68 MP: 9/9
  1977 | D:5      | Reached skill level 9 in Axes
  2023 | D:5      | Noticed Menkaure
  2030 | D:5      | Killed Menkaure
  2376 | D:5      | Found a staircase to the Ecumenical Temple.
  2676 | D:6      | Reached skill level 10 in Axes
  2676 | D:6      | Gained mutation: You passively map the area around you.
                  | [Meteoran growth]
  2676 | D:6      | Reached XP level 9. HP: 63/78 MP: 10/10
  2701 | D:6      | Noticed knightboat's ghost (novice VSTm)
  2703 | D:6      | Noticed a red ugly thing
  2710 | D:6      | Found a runed translucent gate.
  2710 | D:6      | Found a runed translucent gate.
  2710 | D:6      | Found a runed translucent gate.
  2919 | D:7      | Found a bloodstained altar of Trog.
  3153 | D:7      | Reached skill level 11 in Axes
  3173 | D:7      | Found Attenoam's Mayhem Merchandise.
  3529 | D:7      | Bought a +0 battleaxe of flaming for 191 gold pieces
  3583 | D:8      | Found a sparkling altar of Nemelex Xobeh.
  3641 | D:8      | Reached XP level 10. HP: 56/91 MP: 11/11
  3721 | D:8      | Found an iron altar of Okawaru.
  3765 | D:8      | Reached skill level 12 in Axes
  4031 | D:8      | Reached **** piety under Trog
  4137 | D:9      | Reached skill level 10 in Fighting
  4155 | D:9      | Reached skill level 13 in Axes
  4251 | D:9      | Reached skill level 1 in Evocations
  4342 | D:10     | Entered Level 10 of the Dungeon
  4344 | D:10     | Noticed a white ugly thing
  4357 | D:10     | Killed a white ugly thing
  4360 | D:10     | Reached XP level 11. HP: 79/101 MP: 12/12
  4380 | D:10     | Reached ***** piety under Trog
  4506 | D:10     | Found a staircase to the Orcish Mines.
  4522 | D:10     | Reached skill level 5 in Armour
  4534 | D:10     | Reached skill level 14 in Axes
  4601 | D:10     | Found an ornate altar of the Wu Jian Council.
  4635 | D:10     | Found a flagged portal.
  4669 | Bailey   | Entered a bailey
  4757 | Bailey   | Noticed a two-headed ogre
  4779 | Bailey   | Killed a two-headed ogre
  4961 | D:10     | Found a snail-covered altar of Cheibriados.
  5005 | D:11     | Noticed a two-headed ogre
  5014 | D:11     | Killed a two-headed ogre
  5059 | D:11     | Reached skill level 5 in Evocations
  5091 | D:11     | Reached skill level 15 in Axes
  5199 | D:11     | Reached XP level 12. HP: 102/108 MP: 13/13
  5381 | D:11     | Found a staircase to the Lair.
  5428 | D:11     | Noticed Josephine
  5437 | D:11     | Killed Josephine
  5799 | D:12     | Noticed a boulder beetle
  5821 | D:12     | Killed a boulder beetle
  5822 | D:12     | Reached skill level 16 in Axes
  5822 | D:12     | Reached skill level 10 in Armour
  6116 | D:12     | Found a portal to a secret trove of treasure.
  6305 | Lair:1   | Entered Level 1 of the Lair of Beasts
  6305 | Lair:1   | Noticed a catoblepas
  6313 | Lair:1   | Killed a catoblepas
  6376 | Lair:1   | Reached skill level 5 in Dodging
  6404 | Lair:1   | Reached XP level 13. HP: 97/114 MP: 14/14
  6522 | Lair:1   | Identified the +5 halberd of the Lair of Beasts {heavy,
                  | Contam rPois rC+ Str+3}
  6632 | Lair:2   | Found a hole to the Spider Nest.
  6636 | Lair:2   | Noticed Sonja
  6639 | Lair:2   | Sonja changed into Sonja the hog
  6639 | Lair:2   | Noticed Sonja
  6646 | Lair:2   | Killed Sonja the hog
  6685 | Lair:2   | Reached skill level 17 in Axes
  6802 | Lair:2   | Noticed Gastronok
  6823 | Lair:2   | Killed Gastronok
  6880 | Lair:2   | Noticed a seven-headed hydra
  6889 | Lair:2   | Killed a three-headed hydra
  6978 | Lair:2   | Noticed a four-headed hydra
  6988 | Lair:2   | Killed a two-headed hydra
  7008 | Lair:2   | Found a staircase to the Swamp.
  7245 | Lair:1   | Reached skill level 18 in Axes
  7365 | Lair:3   | Noticed Kirke
  7375 | Lair:3   | Reached XP level 14. HP: 111/122 MP: 15/15
  7385 | Lair:3   | Killed Kirke
  7483 | Lair:3   | Received a gift from Trog
  7484 | Lair:3   | Reached skill level 10 in Dodging
  7496 | Lair:3   | Noticed Rupert
  7655 | Lair:3   | Killed Rupert
  7912 | Lair:4   | Reached skill level 10 in Evocations
  8104 | Lair:4   | Found a viscous altar of Jiyva.
  8104 | Lair:4   | Found a staircase to the Slime Pits.
  8151 | Lair:5   | Entered Level 5 of the Lair of Beasts
  8209 | Lair:5   | Reached skill level 19 in Axes
  8344 | Lair:5   | Reached XP level 15. HP: 119/130 MP: 16/16
  8384 | Lair:5   | Received a gift from Trog
  8556 | Lair:5   | Identified the +5 chain mail of Elyvilon's Outrage {*Slow
                  | rElec rCorr Str+3}
  8814 | Spider:1 | Entered Level 1 of the Spider Nest
  9218 | Spider:1 | Found a runed translucent gate.
  9218 | Spider:1 | Found a runed translucent gate.
  9220 | Spider:1 | Found a runed translucent gate.
  9231 | Spider:1 | Noticed rocky1's ghost (journeyman DEEE)
  9251 | Spider:1 | Reached skill level 20 in Axes
  9266 | Spider:1 | Reached ****** piety under Trog
  9317 | Spider:1 | Identified the +10 short sword "Luumou" {antimagic, Str+3}
                  | (Trog gifted it to you on level 1 of the Spider Nest)
  9317 | Spider:1 | Received a gift from Trog
  9357 | Spider:1 | Reached XP level 16. HP: 141/141 MP: 17/17
  9368 | Spider:1 | Noticed an emperor scorpion
  9388 | Spider:1 | Killed an emperor scorpion
  9510 | Spider:1 | Glimpsed the power of Zot.
  9523 | Spider:1 | Noticed an emperor scorpion
  9554 | Spider:2 | Killed an emperor scorpion
  9781 | Spider:3 | Identified the ring of Genwej {Str+2 Int+6}
  9809 | Spider:3 | Received a gift from Trog
  9862 | Spider:3 | Killed a ghost moth
  9903 | Spider:4 | Entered Level 4 of the Spider Nest
 10089 | Spider:4 | Noticed an emperor scorpion
 10140 | Spider:4 | Killed an emperor scorpion
 10252 | Spider:4 | Reached skill level 21 in Axes
 10252 | Spider:4 | Reached XP level 17. HP: 152/152 MP: 18/18
 10952 | Spider:4 | Got a gossamer rune of Zot
 11069 | Spider:4 | Reached skill level 15 in Armour
 11252 | Spider:3 | Reached skill level 15 in Fighting
 11363 | Spider:2 | Glimpsed the power of Zot.
 11416 | Spider:1 | Glimpsed the power of Zot.
 11494 | Swamp:1  | Entered Level 1 of the Swamp
 11494 | Swamp:1  | Noticed a thorn hunter
 11515 | Lair:2   | Killed a thorn hunter
 11600 | Swamp:1  | Received a gift from Trog
 11817 | Swamp:2  | Gained mutation: You passively map a large area around you.
                  | [Meteoran growth]
 11817 | Swamp:2  | Reached XP level 18. HP: 96/163 MP: 19/19
 12175 | Swamp:3  | Noticed Mlioglotl
 12190 | Swamp:3  | Killed Mlioglotl
 12199 | Swamp:3  | Reached skill level 22 in Axes
 12231 | Swamp:3  | Noticed Louise
 12243 | Swamp:3  | Noticed Donald
 12257 | Swamp:3  | Killed Donald
 12258 | Swamp:3  | Killed Louise
 12259 | Swamp:3  | Identified Roxanne's Directory of Terrain
 12259 | Swamp:3  | Noticed Roxanne
 12315 | Swamp:3  | Reached skill level 1 in Shields
 12457 | Swamp:3  | Received a gift from Trog
 12471 | Swamp:4  | Entered Level 4 of the Swamp
 12561 | Swamp:4  | Reached skill level 5 in Shields
 12745 | Swamp:4  | Noticed a thorn hunter
 12771 | Swamp:4  | Killed a thorn hunter
 12942 | Swamp:4  | Got a decaying rune of Zot
 13035 | Swamp:4  | Reached skill level 10 in Shields
 13349 | Swamp:2  | Identified a scroll of acquirement
 13350 | Swamp:2  | Acquired the ring "Ryaliedd" {rC+ Dex+6 Stlth+}
 13429 | Swamp:2  | Reached XP level 19. HP: 158/172 MP: 20/20
 13767 | Swamp:1  | Glimpsed the power of Zot.
 13880 | Lair:2   | Received a gift from Trog
 13946 | Orc:1    | Entered Level 1 of the Orcish Mines
 14126 | Orc:2    | Entered Level 2 of the Orcish Mines
 14126 | Orc:2    | Found Pafrefaj's Assorted Antiques.
 14291 | Orc:2    | Found Isiafynuamp's Jewellery Emporium.
 14298 | Orc:2    | Bought a scroll of acquirement for 1352 gold pieces
 14298 | Orc:2    | Acquired a manual of Fighting
 14331 | Orc:2    | Noticed runemasterragnar's ghost (journeyman DsMo)
 14352 | Orc:2    | Found a runed translucent door.
 14371 | Orc:2    | Killed runemasterragnar's ghost
 14416 | Orc:2    | Found a staircase to the Elven Halls.
 14458 | Elf:1    | Entered Level 1 of the Elven Halls
 14526 | Elf:1    | Found a magical portal.
 14529 | Elf:1    | Received a gift from Trog
 14566 | WizLab   | Entered Tukima's Studio
 14869 | WizLab   | Noticed a walking frostbound tome
 14884 | WizLab   | Killed a walking frostbound tome
 15141 | Elf:1    | Received a gift from Trog
 15190 | Elf:2    | Found a frozen archway.
 15215 | IceCv    | Entered an ice cave
 15584 | IceCv    | Found an ancient bone altar of Kikubaaqudgha.
 15614 | IceCv    | Identified the +7 dagger of the Thoughtful Seers {heavy,
                  | Fragile Fly rPois rCorr} (Trog gifted it to you in an ice
                  | cave)
 15614 | IceCv    | Received a gift from Trog
 15674 | IceCv    | Noticed a lich
 15683 | IceCv    | Killed a lich
 15734 | IceCv    | Glimpsed the power of Zot.
 15830 | Elf:2    | Reached XP level 20. HP: 140/189 MP: 7/21
 16005 | Elf:3    | Entered Level 3 of the Elven Halls
 16285 | Elf:3    | Reached skill level 15 in Shields
 16310 | Elf:3    | Paralysed by an air elemental for 1 turns
 16423 | Elf:3    | Received a gift from Trog
 16488 | Elf:3    | Reached skill level 1 in Stealth
 16819 | Elf:3    | Identified the ring of Buit {Str+3 Int+3 SInv}
 16986 | Elf:3    | Found the +8 Wrath of Trog {antimagic, *Rage Rampage}
 16992 | Elf:3    | Identified the +4 plate armour "Koelynn" {-Cast rPois
                  | Dex+2}
 17006 | Elf:3    | Identified the ring "Ecijacir" {+Blink rF+ rC- Int+5 SInv}
 17080 | Elf:3    | Identified the +0 pair of gloves of Xool {rElec Will+
                  | Int+2}
 17162 | Elf:2    | Glimpsed the power of Zot.
 17211 | Elf:1    | Glimpsed the power of Zot.
 17292 | Orc:2    | Found Leje's Armour Shop.
 17303 | Orc:2    | Reached XP level 21. HP: 200/201 MP: 7/22
 17306 | Orc:2    | Bought the +3 helmet of Bedevilment {+Inv rCorr} for 469
                  | gold pieces
 17342 | Orc:2    | Found Xiwa's Weapon Emporium.
 17347 | Orc:2    | Received a gift from Trog
 17389 | Orc:2    | Found Hotato's Jewellery Shop.
 17399 | Orc:2    | Bought the amulet of Kufex {Reflect rN+ SH+5} for 576 gold
                  | pieces
 17440 | Orc:2    | Found Hirusief's Antique Armour Emporium.
 17454 | Orc:2    | Found Hauhimm's Weapon Shop.
 17697 | D:13     | Noticed Urug
 17697 | D:13     | Found a gate to the Vaults.
 17719 | D:13     | Killed Urug
 17820 | D:13     | Identified the ring of Boesunol {Wiz *Corrode Drain rElec
                  | Int+8}
 17928 | D:13     | Received a gift from Trog
 18072 | D:13     | Noticed Nessos
 18076 | D:13     | Killed Nessos
 18259 | D:14     | Reached skill level 15 in Evocations
 18303 | D:14     | Found a gate leading to a gauntlet.
 18312 | Gauntlet | Entered a Gauntlet
 18312 | Gauntlet | Found a transporter.
 18312 | Gauntlet | Found a transporter.
 18312 | Gauntlet | Found a transporter.
 18313 | Gauntlet | Found a transporter.
 18314 | Gauntlet | Found a transporter.
 18318 | Gauntlet | Found a transporter.
 18324 | Gauntlet | Found a transporter.
 18325 | Gauntlet | Found a transporter.
 18326 | Gauntlet | Found a transporter.
 18328 | Gauntlet | Found a transporter.
 18336 | Gauntlet | Found a transporter.
 18445 | Gauntlet | Found a transporter.
 18478 | Gauntlet | Identified the +2 hat of the Monkey's Uncle {rPois Str-5
                  | Dex+6}
 18731 | D:14     | Found a runed translucent door.
 18732 | D:14     | Noticed Qesae's ghost (journeyman FeSu)
 18748 | D:14     | Killed Qesae's ghost
 18813 | D:15     | Entered Level 15 of the Dungeon
 18846 | D:15     | Found a staircase to the Depths.
 18885 | D:15     | Identified the +9 great mace "Orb Guardian's Curse" {flame,
                  | Str+3}
 19048 | D:15     | Found a broken altar of Ashenzari.
 19675 | Depths:1 | Entered Level 1 of the Depths
 19679 | Depths:1 | Identified the +8 broad axe "Orb Guardian's Curse" {flame,
                  | rC+ Dex+4} (Trog gifted it to you on level 1 of the Depths)
 19679 | Depths:1 | Received a gift from Trog
 19690 | Depths:1 | Reached skill level 5 in Stealth
 19854 | Depths:1 | Reached XP level 22. HP: 213/213 MP: 23/23
 20169 | Depths:1 | Found a sparkling altar of Nemelex Xobeh.
 20211 | Depths:1 | Found Ysaracocw's Jewellery Emporium.
 20225 | Depths:1 | Found Elabol's Jewellery Emporium.
 20231 | Depths:1 | Found Xuithikh's Book Shop.
 20419 | Depths:2 | Found a runed translucent door.
 20419 | Depths:2 | Noticed Cakioj's ghost (veteran DjCj)
 20479 | Depths:2 | Killed Cakioj's ghost
 20520 | Depths:2 | Acquired the +1 hat of Generosity {rF+ Dex+3}
 20585 | Depths:3 | Found a gateway to Hell.
 20613 | Depths:3 | Received a gift from Trog
 20636 | Depths:3 | Found a runed translucent door.
 20636 | Depths:3 | Found a shimmering altar of Xom.
 20636 | Depths:3 | Noticed spiderkeys's ghost (veteran GnWn)
 20652 | Depths:3 | Identified the +1 flail of Ylur {heavy, Str+4 Int+2}
 20790 | Depths:3 | Found a gateway to a bazaar.
 20800 | Bazaar   | Entered a bazaar
 20805 | Bazaar   | Found Atuimeg's Weapon Shop.
 20811 | Bazaar   | Found Mumnael's Jewellery Shop.
 20821 | Bazaar   | Found Liemyb's Armour Boutique.
 20829 | Bazaar   | Found Itampuit's Antique Armour Boutique.
 20853 | Bazaar   | Bought the ring of Linearity {rN+ rCorr Int+3} for 389 gold
                  | pieces
 21011 | Depths:3 | Found a one-way gate to the infinite horrors of the Abyss.
 21022 | Depths:3 | Voluntarily entered the Abyss.
 21024 | Abyss:1  | Found a corrupted altar of Lugonu.
 21138 | Abyss:1  | Found a corrupted altar of Lugonu.
 21151 | Abyss:1  | Found a corrupted altar of Lugonu.
 21159 | Abyss:1  | Found a corrupted altar of Lugonu.
 21159 | Abyss:1  | Found a corrupted altar of Lugonu.
 21393 | Abyss:3  | Reached skill level 23 in Axes
 21403 | Abyss:3  | Found a corrupted altar of Lugonu.
 21494 | Abyss:3  | Got an abyssal rune of Zot
 21508 | Depths:3 | Escaped the Abyss
 21566 | Depths:4 | Entered Level 4 of the Depths
 21632 | Depths:4 | Reached XP level 23. HP: 216/222 MP: 24/24
 21641 | Depths:4 | Received a gift from Trog
 21658 | Depths:4 | Found a transporter.
 21685 | Depths:4 | Found Teaf's Armour Shoppe.
 21727 | Depths:4 | Found Omer's Antique Armour Shop.
 21765 | Depths:4 | Found Ruratwom's Antique Armour Boutique.
 21823 | Depths:3 | Noticed a caustic shrike
 21823 | Depths:3 | Noticed a caustic shrike
 21823 | Depths:3 | Noticed a caustic shrike
 21823 | Depths:3 | Noticed a caustic shrike
 21823 | Depths:3 | Noticed a caustic shrike
 21823 | Depths:3 | Noticed a juggernaut
 21823 | Depths:3 | Noticed a juggernaut
 21834 | Depths:4 | Killed a caustic shrike
 21835 | Depths:4 | Killed a caustic shrike
 21836 | Depths:4 | Killed a caustic shrike
 21918 | Depths:4 | Found a shimmering blue altar of Sif Muna.
 22073 | Depths:4 | Found a one-way gate leading to the halls of Pandemonium.
 22166 | Depths:4 | Found a transporter.
 22235 | Depths:4 | Found a one-way gateway to a ziggurat.
 22485 | Depths:3 | Received a gift from Trog
 22684 | Depths:4 | Noticed a golden dragon
 22694 | Depths:4 | Killed a golden dragon
 22709 | Depths:4 | Found a gate to the Realm of Zot.
 22715 | Zot:1    | Entered Level 1 of the Realm of Zot
 22777 | Zot:3    | Noticed a golden dragon
 22799 | Zot:2    | Killed a golden dragon
 22858 | Zot:2    | Noticed a golden dragon
 22878 | Zot:2    | Killed a golden dragon
 22879 | Zot:2    | Reached XP level 24. HP: 227/233 MP: 9/24
 22970 | Zot:1    | Found the +4 dragonskin cloak
 22970 | Zot:1    | Noticed Tiamat
 22993 | Zot:1    | HP: 10/233 [Tiamat/+1 demon trident of electrocution (25)]
 23218 | Depths:4 | Glimpsed the power of Zot.
 23499 | Zot:1    | Killed Tiamat
 23755 | Zot:4    | Noticed a golden dragon
 23755 | Zot:4    | Noticed a golden dragon
 23781 | Zot:4    | Noticed a golden dragon
 23785 | Zot:4    | Killed a golden dragon
 23790 | Zot:4    | Killed a golden dragon
 23839 | Zot:4    | Noticed a Killer Klown
 23857 | Zot:4    | Noticed a curse toe
 23859 | Zot:4    | Killed a Killer Klown
 23903 | Zot:4    | Paralysed by a Zot trap for 4 turns
 23934 | Zot:4    | Noticed a curse toe
 23959 | Zot:4    | Killed a curse toe
 23960 | Zot:4    | Reached skill level 15 in Dodging
 23979 | Zot:5    | Entered Level 5 of the Realm of Zot
 23979 | Zot:5    | Noticed CornPuffBuddha's ghost (legendary HOFi)
 23979 | Zot:5    | Found a runed translucent door.
 23980 | Zot:5    | Noticed a golden dragon
 23994 | Zot:5    | Noticed an orb of fire
 23999 | Zot:5    | Noticed a golden dragon
 24012 | Zot:4    | Gained mutation: You sometimes lose your temper in combat.
                  | [an orb of fire]
 24017 | Zot:4    | Gained mutation: You are vulnerable to heat. (rF-) [an orb
                  | of fire]
 24022 | Zot:4    | Killed an orb of fire
 24284 | Zot:4    | Killed a golden dragon
 24345 | Zot:4    | Reached skill level 24 in Axes
 24761 | Zot:5    | Killed a golden dragon
 24806 | Zot:4    | Lost mutation: You are vulnerable to heat. (rF-) [potion of
                  | mutation]
 24806 | Zot:4    | Lost mutation: You sometimes lose your temper in combat.
                  | [potion of mutation]
 24806 | Zot:4    | Gained mutation: Your muscles are strong. (Str +4, Int/Dex
                  | -1) [potion of mutation]
 24806 | Zot:4    | Gained mutation: You are strong-willed. (Will+) [potion of
                  | mutation]
 24981 | Zot:4    | Killed a curse toe
 25272 | Zot:4    | Received a gift from Trog
 25567 | Zot:5    | Reached XP level 25. HP: 214/240 MP: 8/24
 25627 | Zot:5    | Noticed a dread lich
 25629 | Zot:5    | Noticed a dread lich
 25643 | Zot:5    | Killed a dread lich
 25649 | Zot:5    | Killed a dread lich
 25649 | Zot:5    | Noticed a Killer Klown
 25710 | Zot:5    | Killed a Killer Klown
 25724 | Zot:5    | Noticed an orb of fire
 25728 | Zot:5    | Noticed an orb of fire
 25733 | Zot:5    | Noticed an orb of fire
 25740 | Zot:5    | Gained mutation: Armour fits poorly on your strangely
                  | shaped body. [an orb of fire]
 25745 | Zot:5    | Killed an orb of fire
 25760 | Zot:5    | Killed an orb of fire
 25764 | Zot:5    | Killed an orb of fire
 25915 | Zot:5    | Noticed an orb of fire
 25924 | Zot:5    | Gained mutation: Your magical capacity is low. (-10% MP)
                  | [an orb of fire]
 25931 | Zot:5    | Killed an orb of fire
 25992 | Zot:5    | Got the Orb of Zot
 26021 | Zot:5    | Noticed a Killer Klown
 26041 | Zot:5    | Killed a Killer Klown
 26054 | Zot:5    | Noticed an ancient lich
 26065 | Zot:5    | Killed from afar by an ancient lich

Illustrated notes

Levels and vault maps discovered:
D:1:      lemuel_arrival_rhombus, layout_loops_ring, minmay_split_cup_small
D:2:      layout_loops_cross, minmay_pentomino_u2
D:3:      layout_basic, overflow_temple_1_default, grunt_temple_overflow_open,
          kiku_gazebo_pond_becter, serial_shops, shop, uniq_terence, uniq_ijyb
D:4:      layout_layer_cave, dreamdust_divine_triumvirate, bloody_makhleb,
          mainiacjoe_overflow_paths, mainiacjoe_overflow_small_starburst,
          bh_walls_and_bars, uniq_duvessa
D:5:      layout_basic, marbit_many_paths, temple_pool_b, uniq_menkaure
D:6:      layout_gridville, gammafunk_ghost_split
D:7:      layout_loops_ring, bloody_trog, minmay_shop_mayhem,
          kennysheep_small_square
D:8:      layout_loops_ring, kennysheep_mini, kennysheep_okawaru_gauntlet,
          serial_rivers, chequers_serial_rivers_marsh,
          chequers_serial_rivers_large_b, chequers_serial_rivers_small_a,
          chequers_serial_rivers_room_b, chequers_serial_rivers_micro_a,
          chequers_serial_rivers_room_b, grunt_ministairs_9, solitary_fountain,
          minmay_misc_feat_more_columns, chequers_serial_rivers_micro_d
D:9:      layout_loops_ring, uniq_pikel
D:10:     layout_gridville, nicolae_wu_jian_glorious_leap, lemuel_doored_altar,
          kennysheep_orc_monster_closet_entryway, enter_bailey_5
D:11:     layout_long_grid, grunt_lair_entry_orc_guard_hut, uniq_josephine
D:12:     layout_stronghold, nicolae_trove_entry_columns
D:13:     layout_basic, david_vaults_3, minmay_lindwurm_lava, uniq_nessos
D:14:     layout_roguey, dreamdust_princess_bridge, gauntlet_entry_generic,
          ebering_ghost_reflecting_pool, minivault_7
D:15:     hangedman_depths_entry_try_elsewhere_first, layout_basic,
          nicolae_ashenzari_skybound
Lair:1:   layout_regular_city, beast_lair_carwin_5
Lair:2:   layout_layer_cave, palyth_hydra_swamp_entry, dummy_spider_entry,
          serial_bayou_crossing, uniq_sonja, uniq_gastronok
Lair:3:   layout_cave_pods, uniq_rupert, uniq_kirke
Lair:4:   hellmonk_ruined_rings, layout_small_grid, dpeg_slime_entry_enclosed,
          eino_house_with_fridge
Lair:5:   minmay_lair_end_enchanted_forest, layout_big_grid,
          infiniplex_staircase_pool
Swamp:1:  layout_falls_marsh, nicolae_swamp_very_dense_foliage
Swamp:2:  layout_basic_swamp, serial_swamp_ruin, evilmike_swamp_ruin_rubble_1,
          evilmike_swamp_ruin_house_1
Swamp:3:  layout_basic_swamp, evilmike_swamp_ruin_house_2,
          grunt_lady_of_the_lake, uniq_mlioglotl, uniq_roxanne, uniq_donald,
          uniq_louise
Swamp:4:  swamp, layout_basic_swamp
Spider:1: nicolae_spider_corner, gammafunk_ghost_necromancy,
          nicolae_crawler_farm
Spider:2: layout_spider_delve
Spider:3: layout_spider_delve, hellmonk_motheaten_closet
Spider:4: guppyfry_spider_rune
Orc:1:    layout_diamond_mine
Orc:2:    st_orc_town, layout_diamond_mine, hellmonk_ghost_happy_afterlife,
          serial_shops, nicolae_shop_advertising_works
          [nicolae_subvault_shop_adworks], nicolae_shop_overgrown_old_shop,
          nicolae_square_shop, mines2_david
Elf:1:    eino_elf_arrival_sip, layout_loops_cross,
          infiniplex_enter_wizlab_glasses
Elf:2:    nicolae_elf_blades_crystal_corner, layout_onion_city,
          portal_ice_cave_entry_ice_statue_two
Elf:3:    minmay_elf_hall_four_x, layout_loops_cross
Depths:1: layout_big_octagon, hellmouth_3, nemelex_spade_bored_becter,
          kennysheep_generic_room_7, minmay_shop_grove
Depths:2: minmay_split_circle, layout_cave_pools, gammafunk_ghost_grave,
          nicolae_uskayaw_murder_on_the_dancefloor, rand_demon_pan_entry_1,
          pf_hell_entry_tar_river, uniq_mara
Depths:3: grunt_deathspiral_large, layout_gridlike, serial_shops,
          bzr_entry_lakeside, ebering_ghost_xom, hell_entry,
          minmay_room_of_horrors
Depths:4: evilmike_zot_entry_gauntlet, layout_gridlike, enter_ziggurat_b,
          grunt_pan_entry_sceptre, lemuel_blue_sif_altar, serial_shops,
          nicolae_shop_waterfront, hell_entry, nicolae_diode_stairs,
          minmay_shoptagon
Zot:1:    kennysheep_blocky_room, layout_cathedral_of_symmetry,
          ebering_ghost_reflecting_pool, uniq_tiamat
Zot:2:    layout_concentric_octagons, lemuel_lich_library
Zot:3:    layout_cathedral_of_symmetry
Zot:4:    layout_basic, grunt_megastairs_1
Zot:5:    layout_basic, gammafunk_ghost_grave, grunt_ministairs_2, st_stairs_1,
          bh_zot_ikea_curve, kennysheep_underground_church

Skill      XL: |  1  2  3  4  5  6  7  8  9 10 11 12 13 14 15 16 17 18 19 20 21 22 23 24 25 |
---------------+----------------------------------------------------------------------------+-----
Axes           | 4 5 6 7 8 10 11 13 15 16 18 19 20 21 22 23 24 | 24.5
Fighting       | 5 6 9 10 11 12 14 15 18 20 21 22 23 | 23.2
Armour         | 4 8 10 11 12 14 15 16 17 18 19 | 19.6
Evocations     | 2 5 7 9 10 11 12 13 14 15 16 17 18 | 18.5
Dodging        | 5 9 11 12 13 14 15 16 | 16.1
Shields        | 10 14 15 | 15.0
Stealth        | 3 5 6 7 8 9 |  9.3

Action                     |  1- 3 |  4- 6 |  7- 9 | 10-12 | 13-15 | 16-18 | 19-21 | 22-24 | 25-27 || total
---------------------------+-------+-------+-------+-------+-------+-------+-------+-------+-------++-------
  Melee: Hand axe          |    59 |       |       |       |       |       |       |       |       ||    59
         War axe           |    32 |   105 |   193 |       |       |       |       |       |       ||   330
         Punch             |       |     4 |     4 |       |       |       |       |       |       ||     8
         Battleaxe         |       |       |    48 |   414 |   681 |  1090 |       |       |       ||  2233
         Broad axe         |       |       |       |       |       |       |  1319 |  1280 |   213 ||  2812
         Morningstar       |       |       |       |       |       |       |    17 |       |       ||    17
 Invoke: Berserk           |     1 |     2 |     5 |     4 |     7 |    11 |     1 |     8 |       ||    39
         Trog's Hand       |       |       |       |     1 |     1 |     1 |     1 |       |       ||     4
         Brothers in Arms  |       |       |       |       |     2 |     4 |     4 |     5 |     2 ||    17
  Evoke: Wand              |       |       |       |     4 |     2 |    18 |    28 |    25 |     6 ||    83
         Phial of floods   |       |       |       |       |       |     2 |     1 |     1 |       ||     4
         Phantom mirror    |       |       |       |       |       |     1 |     1 |     2 |       ||     4
         Condenser vane    |       |       |       |       |       |       |     1 |       |       ||     1
         Lightning rod     |       |       |       |       |       |       |       |     8 |       ||     8
         Box of beasts     |       |       |       |       |       |       |       |     2 |       ||     2
    Use: Scroll            |       |       |    15 |     7 |     4 |     9 |    14 |    11 |     2 ||    62
         Potion            |       |       |     1 |     1 |       |     9 |     2 |    10 |     8 ||    31
   Stab: Distracted        |       |       |       |       |     1 |     2 |     3 |     1 |     1 ||     8
         Petrifying        |       |       |       |       |       |       |       |     2 |       ||     2
         Petrified         |       |       |       |       |       |       |       |     2 |       ||     2
         Sleeping          |       |       |       |       |       |       |       |     1 |       ||     1
 Armour: Ring mail         |    46 |    21 |       |       |       |       |       |       |       ||    67
         Animal skin       |    15 |       |       |       |       |       |       |       |       ||    15
         Scale mail        |       |    22 |   173 |   195 |   411 |   521 |       |       |       ||  1322
         Plate armour      |       |       |       |       |       |   279 |    55 |       |       ||   334
         Chain mail        |       |       |       |       |       |       |   307 |   429 |    36 ||   772
  Dodge: Dodged            |    65 |    52 |   126 |   182 |   535 |   686 |   436 |   599 |    76 ||  2757
  Block: Kite shield       |       |       |       |       |       |       |   850 |  1108 |   125 ||  2083
         Reflection        |       |       |       |       |       |       |    50 |    11 |     5 ||    66

Table legend: (Time is in decaauts)
 A = Elapsed time spent in this place.
 B = Non-inter-level travel time spent in this place.
 C = Inter-level travel time spent in this place.
 D = Time resting spent in this place.
 E = Time spent auto-exploring this place.
 F = Levels seen in this place.
 G = Mean time per level.
                   A        B        C        D        E       F      G
               +--------+--------+--------+--------+--------+-----+--------+
         Total |  25578 |  15642 |   9936 |   2167 |   1032 |  50 |  511.6 |
       Dungeon |   8344 |   2963 |   5381 |     78 |    607 |  15 |  556.3 |
          Lair |   2827 |   1292 |   1535 |     78 |      0 |   5 |  565.4 |
         Swamp |   2331 |   1735 |    596 |    151 |    336 |   4 |  582.8 |
   Spider Nest |   2360 |   1795 |    565 |    181 |      0 |   4 |  590.0 |
  Orcish Mines |    876 |    448 |    428 |      0 |      7 |   2 |  438.0 |
   Elven Halls |   1767 |   1120 |    647 |    113 |      0 |   3 |  589.0 |
        Depths |   2301 |   1605 |    696 |    217 |     75 |   4 |  575.2 |
           Zot |   2933 |   2848 |     85 |   1303 |      0 |   5 |  586.6 |
         Abyss |    467 |    467 |      0 |      0 |      0 |   3 |  155.7 |
        Bazaar |     66 |     66 |      0 |      0 |      0 |   1 |   66.0 |
        Bailey |    277 |    277 |      0 |     19 |      7 |   1 |  277.0 |
      Ice Cave |    539 |    539 |      0 |      0 |      0 |   1 |  539.0 |
        Wizlab |    323 |    323 |      0 |     24 |      0 |   1 |  323.0 |
      Gauntlet |    160 |    160 |      0 |      0 |      0 |   1 |  160.0 |
               +--------+--------+--------+--------+--------+-----+--------+

Top non-repeatable levels by time:
   Zot:4: 1438 daAuts
Depths:4: 1163 daAuts
  Lair:2: 1099 daAuts
Spider:4: 1048 daAuts
    D:15: 993 daAuts
   Elf:3: 962 daAuts
 Swamp:4: 776 daAuts
    D:12: 750 daAuts
   Zot:5: 682 daAuts
    D:11: 627 daAuts
     D:8: 615 daAuts
 Swamp:3: 588 daAuts
  Lair:5: 588 daAuts
Spider:1: 584 daAuts
     D:5: 571 daAuts
